 Dungeon Crawl Stone Soup version 0.22-a0-480-g991dd4b (console) character file.

10229 vegansnacktivist the Cleaver (level 11, -2/100 HPs)
             Began as a Deep Dwarf Fighter on June 14, 2018.
             Was an Elder of Makhleb.
             Slain by a two-headed ogre
             ... wielding a +0 giant club
              (5 damage)
             ... on level 12 of the Dungeon on June 15, 2018.
             The game lasted 00:13:06 (7163 turns).

vegansnacktivist the Cleaver (Deep Dwarf Fighter)   Turns: 7163, Time: 00:13:07

Health: -2/100     AC: 16    Str: 23    XL:     11   Next: 33%
Magic:  14/14      EV: 16    Int:  9    God:    Makhleb [****..]
Gold:   299        SH: 12    Dex: 17    Spells: 10/10 levels left

rFire    + + .     SeeInvis .   C - +9 hand axe {flame, rElec rF++ Dex+5}
rCold    . . .     Gourm    .   c - +0 shield
rNeg     . . .     Faith    .   K - +3 chain mail
rPois    .         Spirit   .   w - +0 helmet
rElec    +         Reflect  .   (no cloak)
rCorr    .         Harm     .   (no gloves)
MR       +....                  y - +0 pair of boots {Stlth+}
Stlth    ..........             (no amulet)
HPRegen  0.00/turn              l - +6 ring of evasion
MPRegen  0.14/turn              r - +3 ring of slaying

@: non-regenerating
A: damage resistance, heal wounds, sense surroundings 2, no regeneration
a: Heal Wounds, Minor Destruction, Lesser Servant of Makhleb, Major Destruction,
Renounce Religion


You were on level 12 of the Dungeon.
You worshipped Makhleb.
Makhleb was greatly pleased with you.
You were not hungry.

You visited 2 branches of the dungeon, and saw 12 of its levels.

You collected 761 gold pieces.
You spent 462 gold pieces at shops.

Inventory:

Hand Weapons
 C - the +9 hand axe of Murghan (weapon) {flame, rElec rF++ Dex+5}
   (You found it on level 7 of the Dungeon)

   It has been specially enchanted to burn those struck by it, causing extra
   injury to most foes and up to half again as much damage against particularly
   susceptible opponents.
   Big, fiery blades are also staple armaments of hydra-hunters.
   It affects your dexterity (+5).
   It greatly protects you from fire.
   It insulates you from electricity.
 P - a +0 broad axe
Missiles
 s - 17 tomahawks (quivered)
 I - 2 throwing nets
Armour
 c - a +0 shield (worn)
 w - a +0 helmet (worn)
 y - a +0 pair of boots of stealth (worn)
 K - a +3 chain mail (worn)
Jewellery
 l - a +6 ring of evasion (left hand)
 r - a +3 ring of slaying (right hand)
Wands
 x - a wand of iceblast (9)
 z - a wand of paralysis (14)
 F - a wand of disintegration (6)
 G - a wand of clouds (3)
 O - a wand of random effects (19)
Scrolls
 e - a scroll of remove curse
 g - 2 scrolls of magic mapping
 h - 6 scrolls of teleportation
 i - 2 scrolls of acquirement {unknown}
 j - 6 scrolls of fear {unknown}
 k - 4 scrolls of enchant armour
 t - 3 scrolls of immolation {unknown}
 u - 2 scrolls of fog
 v - a scroll of silence {unknown}
 A - 4 scrolls of noise {unknown}
 D - 4 scrolls of blinking
 E - 3 scrolls of enchant weapon
 L - a scroll of random uselessness
 N - a scroll of summoning {unknown}
Potions
 b - a potion of ambrosia
 d - a potion of might
 m - 3 potions of heal wounds
 n - a potion of invisibility
 o - a potion of resistance
 p - a potion of haste
 q - a potion of cancellation
 B - 2 potions of curing
 H - 3 potions of flight
Miscellaneous
 M - a fan of gales (inert)
Comestibles
 f - 26 rations


   Skills:
 + Level 7.1 Fighting
 * Level 11.1 Axes
 + Level 8.5 Armour
 + Level 5.0 Dodging
 + Level 8.5 Shields
 * Level 9.0 Invocations


You had 10 spell levels left.
You didn't know any spells.
Your spell library contained the following spells:

 Spells                   Type           Power        Failure   Level  Hunger
 Magic Dart               Conj           #...         99%         1    ##.....
 Apportation              Tloc           #.....       99%         1    ##.....
 Conjure Flame            Conj/Fire      #.......     100%        3    ####...
 Slow                     Hex            #.......     100%        2    ###....
 Mephitic Cloud           Conj/Pois/Air  #.......     100%        3    ####...
 Summon Small Mammal      Summ           #...         99%         1    ##.....
 Blink                    Tloc           N/A          100%        2    ###....
 Animate Skeleton         Necr           N/A          99%         1    ##.....
 Call Imp                 Summ           #.......     100%        2    ###....
 Stone Arrow              Conj/Erth      #.....       100%        3    ####...
 Confusing Touch          Hex            #.....       99%         1    ##.....
 Passwall                 Tmut/Erth      #.......     100%        2    ###....
 Lee's Rapid Deconstruct  Erth           #.........   100%        5    ######.
 Sandblast                Erth           #.....       99%         1    ##.....
 Petrify                  Tmut/Erth      #.......     100%        4    #####..


Dungeon Overview and Level Annotations

Branches:
Dungeon (12/15)            Temple (1/1) D:5            Lair (0/6) D:9
    Orc (0/2) D:11

Altars:
Ashenzari
Cheibriados
Dithmenos
Elyvilon
Gozag
Hepliaklqana
Kikubaaqudgha
Makhleb
Nemelex Xobeh
Qazlal
Ru
Sif Muna
Trog
Uskayaw
Vehumet
Wu Jian
Xom
Yredelemnul
Zin
The Shining One
Beogh

Shops:
D:8 (?[   D:11 ?


Innate Abilities, Weirdness & Mutations

You are resistant to damage.
You can heal yourself by infusing magical energy.
You passively map the area around you.
You do not regenerate.


Message History

The tomahawk barely misses the two-headed ogre.
Throwing (i - inventory. (/) - cycle)
s - 18 tomahawks (quivered)
Press: ? - help, Shift-Dir - straight line, f/p - two-headed ogre
Aim: a two-headed ogre, wielding two giant clubs You throw a tomahawk.
The tomahawk hits the two-headed ogre!
The two-headed ogre is lightly wounded.
Evoke which item? (* to show all) (? for menu, Esc to quit)
Aiming: Random Effects
Press: ? - help, Shift-Dir - straight line, f/p - two-headed ogre
Aim: a two-headed ogre, wielding two giant clubs (lightly wounded)
The two-headed ogre flickers and vanishes!
Deactivating autopickup; reactivate with Ctrl-A.
You closely miss something. Something hits you! Something hits you!!
You closely miss something. You block something's attack. Something hits you!
* * * LOW HITPOINT WARNING * * *
Your shield and chain mail prevent you from hitting something.
You barely miss something. Something hits you!
* * * LOW HITPOINT WARNING * * *
Something hits you!
You die...

* * * , , * * , ,, * , ,
* , , ,, ,, , * * , , ,,
, ,, , ### ,, ,,, ,, , ,
+.# , , , , #@# , , , ,,
########{# , , * ,
#........# , , ,,
#.......#........#### **
#.......#.............,
, *
#.......#.............,
#.......#.....########*,
* #.......#.....# ,
#.......#.....# ,,, , ,


There were no monsters in sight!

Vanquished Creatures
  A two-headed ogre (D:12)
  An unseen horror (D:11)
  2 ugly things
  A wolf spider zombie (D:12)
  A deep elf mage (D:10)
  A centaur zombie (D:12)
  A tengu conjurer (D:10)
  2 trolls (D:11)
  4 red devils (D:12)
  A hippogriff (D:10)
  3 wyverns
  Eustachio (D:6)
  A soldier ant (D:11)
  A warg (D:11)
  An acid dragon (D:10)
  2 ice beasts
  9 orc warriors
  A black bear (D:5)
  A sky beast (D:9)
  2 phantoms
  3 ogres
  3 centaurs
  A big kobold (D:11)
  3 bullfrogs
  12 killer bees
  4 howler monkeys
  3 crimson imps
  6 hounds
  A quasit (D:7)
  A jelly (D:10)
  A bullfrog zombie (D:10)
  9 orc wizards
  7 orc priests
  5 bullfrog skeletons
  5 centaur skeletons
  An iguana (D:11)
  10 worker ants
  2 hound zombies
  4 gnolls (D:9)
  11 adders
  A shadow imp (D:7)
  3 adder skeletons
  An adder zombie (D:7)
  A worm (D:4)
  A dart slug (D:2)
  12 leopard geckos
  59 orcs
  2 bats
  4 giant cockroaches
  2 goblins
  7 hobgoblins
  24 jackals
  9 kobolds
  5 quokkas
  5 frilled lizards
  A leopard gecko zombie (D:7)
  A rat (D:2)
267 creatures vanquished.

Notes
Turn   | Place    | Note
-------+----------+-------------------------------------------
     0 | D:1      | vegansnacktivist the Deep Dwarf Fighter began the quest for the Orb.
     0 | D:1      | Reached XP level 1. HP: 20/20 MP: 1/1
    65 | D:1      | Reached XP level 2. HP: 22/27 MP: 2/2
    97 | D:1      | Upgraded the game from 0.22-a0-479-gc6e99f3 to 0.22-a0-480-g991dd4b
   635 | D:2      | Reached skill level 3 in Axes
   635 | D:2      | Reached XP level 3. HP: 24/33 MP: 3/3
   751 | D:2      | Found a sparkling altar of Nemelex Xobeh.
   773 | D:2      | You fall through a shaft for 2 floors!
   797 | D:4      | Reached XP level 4. HP: 33/42 MP: 4/4
   810 | D:4      | Found a radiant altar of Vehumet.
   846 | D:4      | Reached skill level 4 in Axes
   846 | D:4      | Reached XP level 5. HP: 36/49 MP: 5/5
   869 | D:4      | Reached XP level 6. HP: 48/56 MP: 6/6
   901 | D:4      | Reached skill level 5 in Axes
  1178 | D:4      | Reached skill level 5 in Armour
  1178 | D:4      | Reached XP level 7. HP: 58/64 MP: 7/7
  1325 | D:4      | Reached skill level 5 in Shields
  1589 | D:4      | Reached skill level 6 in Axes
  1722 | D:5      | Entered Level 5 of the Dungeon
  1745 | D:5      | Found a staircase to the Ecumenical Temple.
  1957 | Temple   | Entered the Ecumenical Temple
  2160 | Temple   | Became a worshipper of Makhleb the Destroyer
  2442 | D:5      | Reached XP level 8. HP: 38/73 MP: 7/7
  2522 | D:5      | Reached skill level 7 in Axes
  2826 | D:6      | Noticed Eustachio
  2891 | D:6      | Killed Eustachio
  2927 | D:6      | Reached skill level 5 in Fighting
  2990 | D:6      | Found a shattered altar of Ashenzari.
  3151 | D:6      | Reached * piety under Makhleb
  3156 | D:6      | Reached skill level 8 in Axes
  3655 | D:7      | Reached skill level 1 in Invocations
  3655 | D:7      | Gained mutation: You passively map the area around you. [Deep Dwarf growth]
  3655 | D:7      | Reached XP level 9. HP: 54/81 MP: 8/8
  4054 | D:7      | Got a shimmering hand axe
  4060 | D:7      | Identified the +9 hand axe of Murghan {flame, rElec rF++ Dex+5} (You found it on level 7 of the Dungeon)
  4310 | D:8      | Found Doinegim's Armour Shop.
  4375 | D:8      | Found a stormy altar of Qazlal.
  4387 | D:8      | Found Ycamathej's Antique Weapon Shop.
  4455 | D:8      | Reached skill level 1 in Dodging
  4466 | D:8      | Found an opulent altar of Gozag.
  4508 | D:8      | Found Torphegh's Magic Scroll Emporium.
  4540 | D:8      | Bought a scroll of blinking for 105 gold pieces
  4540 | D:8      | Bought a scroll of fog for 28 gold pieces
  4540 | D:8      | Bought a scroll of enchant weapon for 105 gold pieces
  4540 | D:8      | Bought a scroll of amnesia for 49 gold pieces
  4759 | D:9      | Found an ancient bone altar of Kikubaaqudgha.
  4805 | D:9      | Reached ** piety under Makhleb
  4832 | D:9      | Reached skill level 9 in Axes
  5025 | D:9      | Found a staircase to the Lair.
  5299 | D:10     | Entered Level 10 of the Dungeon
  5313 | D:10     | Reached skill level 5 in Invocations
  5512 | D:10     | Reached XP level 10. HP: 91/91 MP: 11/11
  5669 | D:10     | Found a roughly hewn altar of Beogh.
  5685 | D:10     | Reached *** piety under Makhleb
  5801 | D:10     | Noticed a deep elf mage
  5810 | D:10     | Killed a deep elf mage
  5839 | D:10     | Reached skill level 10 in Axes
  5969 | D:11     | Found a staircase to the Orcish Mines.
  5983 | D:11     | Reached **** piety under Makhleb
  5990 | D:11     | Got a pair of distressingly furry boots
  6018 | D:11     | Identified the cursed -4 pair of boots of the Shining Light {MR- Int+7} (You found it on level 11 of the Dungeon)
  6086 | D:11     | Found Vojame's Magic Scroll Boutique.
  6092 | D:11     | Bought a scroll of enchant armour for 105 gold pieces
  6092 | D:11     | Bought a scroll of random uselessness for 14 gold pieces
  6092 | D:11     | Bought a scroll of identify for 28 gold pieces
  6095 | D:11     | Bought a scroll of identify for 28 gold pieces
  6295 | D:11     | Found a basalt altar of Yredelemnul.
  6428 | D:11     | Noticed a cyan ugly thing
  6444 | D:11     | Killed a cyan ugly thing
  6665 | D:11     | Killed an unseen horror
  6900 | D:12     | Noticed a two-headed ogre
  6909 | D:12     | Killed a two-headed ogre
  6909 | D:12     | Reached XP level 11. HP: 92/99 MP: 14/14
  7002 | D:12     | Reached skill level 11 in Axes
  7127 | D:12     | Noticed a brown ugly thing
  7139 | D:12     | Killed a brown ugly thing
  7139 | D:12     | Reached skill level 5 in Dodging
  7143 | D:12     | Noticed a two-headed ogre
  7163 | D:12     | HP: 3/100 [something (16)]
  7163 | D:12     | Slain by a two-headed ogre

Vault maps used:
D:1:      scummos_arrival_hexagon, serial_forest, infiniplex_forest_fountain,
          infiniplex_forest_straight_1, infiniplex_forest_clump_small,
          infiniplex_forest_lined_2, infiniplex_forest_straight_1,
          infiniplex_forest_3_way, infiniplex_forest_clump_diagonal
D:2:      minmay_roachtagon, nemelex_xobeh_ov_fountains_minmay
D:4:      lemuel_crystal_altar, first_ration, minmay_joined_circles
D:5:      minmay_temple_entry_glass, hangedman_abyss_or_decor_lesser_grid
D:6:      st_stairs_6, evilmike_ruin_ashenzari, uniq_eustachio
D:8:      grunt_gozag_statues, serial_shops, shop, nicolae_shop_window_shopping,
          shop_fountains, basic_altar
D:9:      overflow_temple_1_default, lair_entry_dummy
D:10:     special_room, grunt_tengu_nest, small_statue_intersection
D:11:     erik_orc_4, serial_shops, shop, corexii_hall_statues_s,
          yredelemnul_altar_generic
D:12:     einodemon_armed_red_devil_minivault
Temple:   regret_index_temple_generic_petals

Skill      XL: |  1  2  3  4  5  6  7  8  9 10 11 |
---------------+----------------------------------+-----
Axes           | 3 4 5 6 8 9 10 11 | 11.1
Fighting       | 3 4 5 6 7 |  7.1
Armour         | 4 5 6 7 8 |  8.5
Shields        | 4 5 6 7 8 |  8.5
Invocations    | 1 5 8 9 |  9.0
Dodging        | 2 4 5 |  5.0

Action                   |  1- 3 |  4- 6 |  7- 9 | 10-12 || total
-------------------------+-------+-------+-------+-------++-------
Melee: War axe           |   100 |    89 |   101 |       ||   290
       Hand axe          |       |       |   302 |   230 ||   532
Throw: Tomahawk          |       |       |       |     3 ||     3
 Abil: Heal Wounds       |     1 |     7 |     9 |       ||    17
Evoke: Wand              |       |       |     6 |     6 ||    12
       Fan of gales      |       |       |       |     1 ||     1
  Use: Potion            |       |     3 |       |       ||     3
       Scroll            |       |       |     8 |     6 ||    14
  Eat: Chunk             |       |     1 |    15 |     2 ||    18
       Ration            |       |       |       |     1 ||     1
Armor: Scale mail        |    53 |    25 |   104 |     7 ||   189
       Skin              |       |   117 |       |       ||   117
       Chain mail        |       |       |       |    51 ||    51
Dodge: Dodged            |    44 |    34 |   175 |    92 ||   345
Block: Shield            |    64 |   112 |   252 |   111 ||   539

Table legend:
 A = Spawn XP
 B = Non-spawn XP
 C = Spawn XP percentage of total XP
 D = Spawn monster count
 E = Non-spawn monster count
 F = Spawn count percentage of total count
 G = Total turns spent on level
                    A         B        C        D         E        F      G
               +---------+---------+-------+---------+---------+-------+---------
         Total |       0 |   14613 |   0.0 |       0 |     267 |   0.0 |  7163
               +---------+---------+-------+---------+---------+-------+---------
           D:1 |       0 |      32 |   0.0 |       0 |      16 |   0.0 |   616
           D:2 |       0 |      63 |   0.0 |       0 |      14 |   0.0 |   157
           D:4 |       0 |    1055 |   0.0 |       0 |      44 |   0.0 |   949
           D:5 |       0 |     501 |   0.0 |       0 |      23 |   0.0 |   753
           D:6 |       0 |    1010 |   0.0 |       0 |      24 |   0.0 |   798
           D:7 |       0 |     415 |   0.0 |       0 |      17 |   0.0 |   809
           D:8 |       0 |     401 |   0.0 |       0 |       4 |   0.0 |   377
           D:9 |       0 |    1204 |   0.0 |       0 |      25 |   0.0 |   627
          D:10 |       0 |    2772 |   0.0 |       0 |      47 |   0.0 |   596
          D:11 |       0 |    3235 |   0.0 |       0 |      40 |   0.0 |  1004
          D:12 |       0 |    3925 |   0.0 |       0 |      13 |   0.0 |   264
               +---------+---------+-------+---------+---------+-------+---------
